Map: Alcyone LE

Players

A.I. 1 (Elite)

  • Race: Protoss Protoss
  • Spawn Location: 7:00

TableSalt - Winner!

  • Race: Zerg Zerg
  • League: Diamond
  • Spawn Location: 1:00

VOD

Have the link to the VOD?

Description

Time

  • Played on: Aug. 15, 2024, 2:52 p.m.
  • Length: 10:49
Show
View Real Time Build Order
Export as new Build Order

A.I. 1 (Elite) Protoss 

Build Orders: 1 Gate Expand, Zealot Archon 

Get SALT Encoding   

  12  0:00  Probe  
  13  0:13  Probe  
  14  0:20  Pylon  
  14  0:25  Probe  
  15  0:33  Probe  
  15  0:42  Probe  
  17  0:50  Gateway  
  17  0:52  Probe  
  18  1:00  Probe  
  19  1:08  Probe  
  19  1:10  Assimilator  
  19  1:13  Pylon  
  20  1:29  Nexus  
  20  1:41  Cybernetics Core  
  20  1:43  Probe  
  21  1:49  Zealot  
  23  2:01  Probe  
  23  2:02  Gateway  
  24  2:10  Probe  
  24  2:14  Pylon  
  25  2:18  Zealot  
  25  2:22  Probe  
  27  2:27  Warp Gate  
  28  2:34  Probe  
  28  2:36  Assimilator  
  29  2:37  Adept  
  29  2:41  Probe  
  32  2:52  Adept  
  32  2:55  Probe  
  32  2:58  Probe  
  35  3:04  Probe  
  35  3:06  Pylon  
  36  3:15  Stalker  
  38  3:21  Probe  
  38  3:22  Stalker  
  41  3:34  Gateway, Probe  
  42  3:43  Probe  
  42  3:45  Stalker  
  42  3:48  Probe  
  45  3:52  Stalker  
  48  3:55  Probe  
  48  3:58  Probe  
  50  4:06  Probe  
  51  4:12  Probe  
  51  4:14  Probe  
  52  4:22  Stalker, Probe  
  56  4:24  Probe  
  56  4:28  Stalker, Pylon  
  56  4:30  Stalker  
  61  4:34  Probe  
  61  4:37  Pylon  
  62  4:43  Probe  
  62  4:46  Probe  
  62  4:47  Stalker  
  62  4:51  Probe  
  62  4:52  Stalker  
  68  4:53  Stalker  
  68  4:59  Probe  
  72  5:01  Probe, Pylon  
  73  5:08  Pylon  
  73  5:09  Probe  
  73  5:10  Stalker  
  73  5:13  Probe  
  77  5:17  Probe  
  77  5:18  Stalker  
  77  5:19  Stalker  
  81  5:25  Pylon, Probe x2  
  83  5:33  Stalker  
  86  5:37  Probe  
  86  5:42  Stalker x2, Probe  
  92  5:46  Twilight Council  
  92  5:49  Probe  
  89  5:54  Pylon  
  89  5:56  Sentry  
  91  6:04  Zealot  
  91  6:13  Zealot  
  93  6:22  Assimilator  
  93  6:28  Templar Archives  
  93  6:29  Assimilator  
  93  6:35  Forge  
  93  6:38  Forge  
  93  6:40  Nexus  
  93  7:04  High Templar  
  93  7:07  High Templar  
  97  7:12  Pylon  
  97  7:18  Robotics Facility  
  97  7:23  Gateway  
  97  7:30  Zealot  
  97  7:32  Photon Cannon  
  97  7:33  Sentry  
  97  7:34  Pylon  
  101  7:39  Archon  
  101  7:40  High Templar  
  101  7:44  Zealot  
  105  7:53  Probe x3  
  105  7:56  High Templar, Photon Cannon  
  105  7:57  Photon Cannon  
  86  8:03  Zealot  
  86  8:05  Observer, Probe  
  64  8:06  Adept, Probe  
  65  8:17  Zealot, Probe  
  65  8:18  High Templar, Probe  
  69  8:23  Warp Prism, Zealot x2  
  71  8:29  Probe  
  63  8:35  Zealot  
  57  8:41  Probe  
  57  8:43  Zealot  
  57  8:44  High Templar  
  58  8:53  Probe  
  49  9:05  Probe  
  46  9:10  High Templar  
  47  9:18  Probe  
  47  9:19  Stalker  
  47  9:22  Archon  
  50  9:26  Probe  
  51  9:34  Probe  
  44  9:39  Zealot  
  44  9:41  Zealot  
  44  9:44  Probe  
  43  9:49  Pylon  
  43  9:52  High Templar  
Show
View Real Time Build Order
Export as new Build Order

TableSalt Zerg - Winner!

Build Orders: Hatch First, Lurkers 

Get SALT Encoding   

  12  0:00  Drone  
  13  0:16  Overlord  
  13  0:17  Drone  
  14  0:34  Drone x2  
  16  0:49  Hatchery  
  15  0:52  Drone  
  15  0:56  Drone  
  17  0:59  Drone  
  18  1:11  Extractor  
  18  1:16  Spawning Pool  
  18  1:18  Drone  
  17  1:21  Drone  
  18  1:31  Drone  
  19  1:44  Overlord  
  19  1:53  Drone  
  20  2:02  Zergling x2  
  20  2:04  Queen  
  20  2:05  Drone  
  24  2:12  Queen  
  24  2:15  Drone x2  
  28  2:23  Drone  
  28  2:26  Drone  
  30  2:40  Queen  
  30  2:42  Hatchery  
  30  2:43  Drone  
  32  2:49  Overlord  
  32  2:56  Drone x3  
  35  2:59  Drone  
  36  3:08  Drone x2  
  36  3:12  Drone x2  
  40  3:14  Drone  
  40  3:16  Pneumatized Carapace  
  40  3:19  Drone  
  42  3:20  Drone x2  
  42  3:25  Overlord  
  44  3:29  Overlord  
  44  3:43  Drone x4  
  44  3:47  Drone x2  
  44  3:48  Drone  
  51  3:54  Drone x5  
  56  3:57  Queen  
  56  3:59  Queen  
  60  4:05  Lair  
  60  4:07  Drone  
  61  4:13  Drone x3  
  61  4:15  Drone  
  61  4:16  Extractor  
  64  4:17  Extractor, Drone  
  64  4:18  Extractor  
  64  4:22  Drone  
  64  4:27  Zergling x4  
  64  4:28  Overlord  
  64  4:29  Overlord x2  
  64  4:30  Overlord  
  66  4:46  Queen  
  66  4:47  Zergling x4  
  66  4:48  Zergling x12  
  66  4:51  Extractor  
  75  4:54  Drone  
  76  5:01  Drone  
  76  5:02  Drone x4  
  81  5:11  Metabolic Boost  
  81  5:16  Drone x2  
  81  5:18  Drone x3  
  81  5:19  Drone  
  81  5:20  Overlord, Extractor  
  86  5:24  Hatchery  
  86  5:26  Evolution Chamber x2, Drone x2, Hydralisk Den  
  86  5:27  Baneling Nest, Evolution Chamber  
  82  5:29  Drone  
  82  5:30  Drone x3  
  86  5:36  Drone x3  
  86  5:38  Drone  
  85  5:54  Zerg Missile Weapons Level 1, Zerg Ground Armor Level 1, Zerg Melee Weapons Level 1  
  85  5:55  Grooved Spines  
  85  5:56  Hydralisk x5  
  95  6:03  Hydralisk x3  
  101  6:06  Zergling x4  
  100  6:11  Zergling x8  
  100  6:12  Zergling x4  
  105  6:18  Overlord x2  
  105  6:19  Overlord  
  105  6:23  Zergling x2  
  104  6:26  Zergling x4  
  104  6:30  Overlord x2  
  104  6:32  Centrifugal Hooks  
  106  6:39  Hydralisk, Overseer  
  106  6:40  Hydralisk x4  
  106  6:45  Hydralisk  
  106  6:46  Lurker Den, Zergling x4  
  119  6:47  Zergling x2  
  120  6:54  Hydralisk x3  
  120  6:57  Zergling x4  
  120  7:01  Muscular Augments  
  128  7:06  Zergling x2, Infestation Pit  
  128  7:07  Zergling x10  
  133  7:11  Hydralisk x2  
  133  7:13  Overlord  
  133  7:14  Overseer  
  137  7:15  Overseer  
  137  7:28  Zergling x8  
  137  7:29  Zergling x2  
  142  7:37  Drone  
  142  7:38  Hatchery  
  142  7:41  Hydralisk x5  
  142  7:43  Overlord  
  152  7:45  Hydralisk  
  152  7:50  Overlord x2  
  136  8:05  Lurker  
  136  8:06  Lurker x4  
  136  8:09  Drone x6  
  136  8:10  Drone x6, Overseer x2  
  140  8:44  Hive  
  138  9:02  Hydralisk x4  
  136  9:03  Hydralisk x2, Zergling x2  
  136  9:04  Zergling x8  
  136  9:09  Extractor  
  152  9:10  Extractor  
  152  9:11  Drone  
  152  9:12  Drone x3  
  155  9:19  Spire  
  154  9:28  Spore Crawler  
  154  9:30  Extractor, Hatchery  
  151  9:32  Extractor  
  150  9:41  Hydralisk, Drone x3  
  150  9:42  Hydralisk x6, Zergling x2  
  150  9:43  Zergling x14  
  173  10:00  Lurker x5  
  173  10:01  Zergling x22  
  189  10:27  Ultralisk Cavern  
  188  10:37  Hatchery  
  188  10:38  Lurker  
  188  10:39  Hatchery  
Tags
 
Add a new tag
Caveats
  • Supply blocks, unpowered buildings, or Contaminate may cause inaccurate times.
  • Supply counts are checked every 10 seconds.